 Dungeon Crawl Stone Soup version 0.20-a0-277-g7db01f4 (webtiles) character file.

2632 FitzyFitz the Geomancer (level 9, 0/42 HPs)
             Began as a Vine Stalker Earth Elementalist on Dec 11, 2016.
             Was a Follower of Ashenzari.
             Killed from afar by an orc wizard (7 damage)
             ... with a magic dart
             ... on level 7 of the Dungeon.
             The game lasted 00:35:46 (7736 turns).

FitzyFitz the Geomancer (VSEE)                      Turns: 7736, Time: 00:35:47

Health: 0/42       AC:  3    Str: 11    XL:     9   Next: 61%
Magic:  0/13       EV: 12    Int: 18    God:    Ashenzari [*.....]
Gold:   298        SH:  0    Dex: 15    Spells: 2/12 levels left

rFire  . . .     SeeInvis +     c - +0 dagger (freeze)
rCold  . . .     Gourm    .     C - +1 robe
rNeg   . . .     Faith    .     (no shield)
rPois  .         Spirit   +     (no helmet)
rElec  .         Reflect  .     (no cloak)
rCorr  .         Harm     .     (no gloves)
MR     +....                    (no boots)
Stlth  +++.......               i - amulet of regeneration (curse)
                                I - ring of see invisible
                                t - ring of wizardry

@: very slightly contaminated
A: fangs 3, regeneration 1, magic shield, antimagic bite, no device heal 3, rot
immunity
a: Curse Item, Scrying, Renounce Religion


You were on level 7 of the Dungeon.
You worshipped Ashenzari.
Ashenzari was aware of your devotion.
You were not hungry.

You visited 2 branches of the dungeon, and saw 8 of its levels.
You also visited: Sewer.

You collected 298 gold pieces.

Inventory:

Hand Weapons
 a - a +2 trident of piercing
 c - a +0 dagger of freezing (weapon)
 k - the cursed +2 whip of Fodoix {slash, +Rage}
   (You took it off a crimson imp on level 4 of the Dungeon)

   It inflicts extra damage upon your enemies.
   It lets you go berserk.
   It has a curse placed upon it.
 w - a +0 blowgun
Missiles
 b - 154 stones (quivered)
 m - 10 tomahawks
 v - 28 poisoned needles
Armour
 C - a +1 robe (worn)
Jewellery
 i - a cursed amulet of regeneration (around neck)
 t - a ring of wizardry (left hand)
 z - an uncursed ring of protection from cold
 I - a ring of see invisible (right hand)
 L - the ring "Taudeu" {*Corrode rF+ rN+ Str+2 Dex+5}
   (You found it on level 6 of the Dungeon)

   [ring of strength]

   It affects your strength (+2).
   It affects your dexterity (+5).
   It protects you from fire.
   It protects you from negative energy.
   It may corrode you when you take damage.
Wands
 E - a wand of iceblast (7/15)
 K - a wand of random effects (20/48)
Scrolls
 h - 2 scrolls of amnesia
 l - 2 scrolls of blinking
 p - a scroll of teleportation
 q - 3 scrolls of remove curse
 u - a scroll of fog {unknown}
 x - a scroll of enchant armour
 A - a scroll of noise
 F - a scroll of identify
 H - a scroll of fear {unknown}
 J - a scroll of recharging {unknown}
Potions
 j - 2 potions of flight
 r - a potion of brilliance
 s - 2 potions of might
 B - 2 potions of mutation
 G - a potion of invisibility
Books
 e - a book of Geomancy

   Spells                             Type                      Level
   a - Sandblast                      Earth                        1
   b - Passwall                       Transmutation/Earth          2
   c - Stone Arrow                    Conjuration/Earth            3
   d - Petrify                        Transmutation/Earth          4
   e - Lee's Rapid Deconstruction     Earth                        5
 y - a book of Necromancy

   Spells                             Type                      Level
   a - Pain                           Necromancy                   1
   b - Animate Skeleton               Necromancy                   1
   c - Vampiric Draining              Necromancy                   3
   d - Regeneration                   Charms/Necromancy            3
   e - Animate Dead                   Necromancy                   4
   f - Control Undead                 Necromancy                   4
Comestibles
 d - 3 bread rations
 n - 11 fruits
 D - 4 meat rations


   Skills:
 + Level 1.8 Fighting
 - Level 1.0 Short Blades
 - Level 1.5 Dodging
 + Level 4.6 Stealth
 - Level 2.1 Spellcasting
 - Level 2.4 Charms
 + Level 4.0 Necromancy
 + Level 6.4 Transmutations
 - Level 9.4 Earth Magic


You had 2 spell levels left.
You knew the following spells:

 Your Spells              Type           Power        Failure   Level  Hunger
a - Sandblast             Erth           #####.       1%          1    #......
b - Petrify               Tmut/Erth      ####....     4%          4    #####..
d - Regeneration          Chrm/Necr      ##........   7%          3    ###....
p - Passwall              Tmut/Erth      ####......   1%          2    ###....


Dungeon Overview and Level Annotations

Branches:
Dungeon (7/15)             Temple (1/1) D:4

Altars:
Ashenzari
Cheibriados
Dithmenos
Elyvilon
Fedhas
Gozag
Hepliaklqana
Kikubaaqudgha
Makhleb
Nemelex Xobeh
Okawaru
Qazlal
Ru
Sif Muna
Trog
Uskayaw
Vehumet
Xom
Yredelemnul
Zin
The Shining One

Annotations:
D:5 Rassilon's ghost, amateur GrFi


Innate Abilities, Weirdness & Mutations

You have razor-sharp teeth.
Your natural rate of healing is unusually fast.
When hurt, damage is shared between your health and your magic reserves.
Your bite disrupts and absorbs the magic of your enemies.
Potions and wands cannot restore your health.
You are immune to rotting.


Message History

The magic dart hits you!
* * * LOW HITPOINT WARNING * * *
The orc wizard barely misses you.
You closely miss the orc wizard. You bite the orc wizard.
The orc wizard's magic leaks into the air.
You drain its magic.
You feel invigorated.
The orc wizard is moderately wounded.
The orc hits you with a mace!
* * * LOW HITPOINT WARNING * * *
The orc wizard hits you but does no damage.
Okay, then.
Unknown command.
Unknown command.
Blink to where?
Press: ? - help, Dir - move target cursor You are very lightly contaminated with residual magic.
As you read the scroll of blinking, it crumbles to dust.
The orc wizard gestures at you while chanting.
The magic dart hits you!
You die...

... ###................. ....
#................. ....#
#................. .....
#................. ......
#................. ......###
#................. ......o.###
#.................
......o§..####.................
.......)o.....@................
###............................
##..........................#
#.........................##
##.............####.........
#............### ###.......
#............# ##......
.............# ###...##
#####....##


You could see an orc wizard.

Vanquished Creatures
  Prince Ribbit (D:7)
  2 hippogriffs
  A wyvern (D:6)
  An orc warrior (D:7)
  2 ice beasts
  Purgy (Sewer)
  2 ogres (D:4)
  A big kobold (Sewer)
  2 bullfrogs (D:7)
  A scorpion (D:6)
  2 crimson imps
  3 howler monkeys
  2 quasits (D:5)
  2 hounds
  4 orc priests
  3 jellies
  A bullfrog skeleton (D:5)
  5 iguanas
  2 orc wizards (D:6)
  7 worker ants
  2 hound skeletons
  A howler monkey skeleton (D:6)
  6 adders
  3 river rats (D:5)
  2 oozes
  An adder zombie (D:7)
  2 adder skeletons
  2 worms
  5 dart slugs
  4 leopard geckos
  5 orcs
  5 ball pythons
  8 giant cockroaches
  6 hobgoblins
  18 jackals
  3 quokkas
  8 bats
  4 frilled lizards
  7 goblins
  A jackal skeleton (D:6)
  A jackal zombie (D:7)
  9 kobolds
  A quokka skeleton (D:6)
  4 rats
  A spectral orc (D:5)
154 creatures vanquished.

Notes
Turn   | Place    | Note
-------+----------+-------------------------------------------
     0 | D:1      | FitzyFitz the Vine Stalker Earth Elementalist began the quest for the Orb.
     0 | D:1      | Reached XP level 1. HP: 9/9 MP: 4/4
   413 | D:1      | Reached XP level 2. HP: 13/13 MP: 4/6
   752 | D:1      | Reached skill level 4 in Earth Magic
   853 | D:2      | Reached XP level 3. HP: 9/16 MP: 1/7
  1019 | D:2      | Learned a level 2 spell: Passwall
  1340 | D:2      | Gained mutation: Your natural rate of healing is unusually fast. [Vine Stalker growth]
  1340 | D:2      | Reached XP level 4. HP: 16/21 MP: 4/8
  1544 | D:2      | Reached skill level 5 in Earth Magic
  1625 | D:2      | Found an opulent altar of Gozag.
  1626 | D:2      | Found a glowing silver altar of Zin.
  1720 | D:2      | Learned a level 4 spell: Petrify
  1974 | D:3      | Reached XP level 5. HP: 17/24 MP: 3/9
  2324 | D:3      | Reached skill level 6 in Earth Magic
  2647 | D:4      | Found an iron altar of Okawaru.
  2650 | D:4      | Found a hazy altar of Hepliaklqana.
  2964 | D:4      | Noticed an ogre
  2971 | D:4      | Killed an ogre
  2971 | D:4      | Reached skill level 7 in Earth Magic
  2971 | D:4      | Reached XP level 6. HP: 28/28 MP: 2/10
  3148 | D:4      | Found a staircase to the Ecumenical Temple.
  3153 | Temple   | Entered the Ecumenical Temple
  3209 | Temple   | Became a worshipper of Ashenzari the Shackled
  3388 | D:4      | Reached XP level 7. HP: 32/32 MP: 4/11
  3742 | D:5      | Entered Level 5 of the Dungeon
  3742 | D:5      | Noticed Rassilon's ghost (amateur GrFi)
  3762 | D:5      | Found a glowing drain.
  3784 | Sewer    | Entered a sewer
  3861 | Sewer    | Reached skill level 8 in Earth Magic
  3894 | Sewer    | Noticed Purgy
  3901 | Sewer    | Learned a level 3 spell: Regeneration
  3920 | Sewer    | Killed Purgy
  4405 | D:5      | Noticed a hippogriff
  4424 | D:5      | Killed a hippogriff
  4424 | D:5      | Gained mutation: You have razor-sharp teeth. [Vine Stalker growth]
  4424 | D:5      | Reached XP level 8. HP: 15/36 MP: 3/12
  4614 | D:5      | Found a hide-covered altar of Uskayaw.
  4617 | D:5      | Reached skill level 9 in Earth Magic
  4619 | D:5      | Found a bloodstained altar of Trog.
  4623 | D:5      | Found a deep blue altar of Sif Muna.
  4633 | D:5      | Found a burning altar of Makhleb.
  4633 | D:5      | Found a snail-covered altar of Cheibriados.
  4844 | D:5      | Found a basalt altar of Yredelemnul.
  4979 | D:4      | Got the cursed whip of Fodoix {slash, +Rage}
  5192 | D:6      | Reached skill level 5 in Transmutations
  5249 | D:6      | Found a glowing golden altar of the Shining One.
  5484 | D:6      | Noticed a wyvern
  5500 | D:6      | Killed a wyvern
  5500 | D:6      | Reached skill level 1 in Charms
  5500 | D:6      | Reached skill level 1 in Necromancy
  5566 | D:6      | Identified the ring "Taudeu" {*Corrode rF+ rN+ Str+2 Dex+5}
  5793 | D:6      | Reached skill level 1 in Short Blades
  6233 | D:6      | Reached XP level 9. HP: 19/39 MP: 2/13
  6866 | D:7      | Reached * piety under Ashenzari
  7226 | D:7      | Noticed Prince Ribbit
  7239 | D:7      | Killed Prince Ribbit
  7239 | D:7      | Reached skill level 1 in Fighting
  7736 | D:7      | Killed from afar by an orc wizard

Vault maps used:
D:1:      elethiomel_arrival_infinity_welcomes_careful_drivers
D:2:      grunt_temple_overflow_gold_and_silver, dk_vineyard_3,
          due_unseen_surprise
D:3:      first_bread
D:4:      chequers_temple_overflow_statue_of_worship
D:5:      yredelemnul_forgotten_temple_becter, nicolae_overflow_hidden_temple,
          portal_sewer_entry_a, hangedman_abyss_or_decor_jellyfish_corner,
          st_stairs_5
D:6:      tso_metal_star
D:7:      uniq_prince_ribbit1
Temple:   jpeg_temple_alley_garden
Sewer:    kennysheep_door_sewer

Skill      XL: |  1  2  3  4  5  6  7  8  9 |
---------------+----------------------------+-----
Earth Magic    | 4 5 7 8 9 |  9.4
Transmutations | 3 5 6 |  6.4
Stealth        | 3 4 |  4.6
Charms         | 1 2 |  2.4
Necromancy     | 2 4 |  4.0
Short Blades   | 1 |  1.0
Fighting       | 1 |  1.8
Dodging        | |  1.5
Spellcasting   | |  2.1

Action                   |  1- 3 |  4- 6 |  7- 9 || total
-------------------------+-------+-------+-------++-------
Melee: Unarmed           |     7 |       |       ||     7
       Dagger            |    26 |    97 |   211 ||   334
       Bite              |     9 |    33 |   113 ||   155
       Trident           |       |    19 |   123 ||   142
 Cast: Sandblast         |    38 |    64 |    30 ||   132
       Passwall          |     2 |       |     8 ||    10
       Petrify           |       |     2 |    37 ||    39
       Regeneration      |       |       |     5 ||     5
Invok: Curse Item        |       |       |     1 ||     1
  Use: Potion            |       |       |     2 ||     2
       Scroll            |       |       |    14 ||    14
 Stab: Sleeping          |     3 |     6 |     8 ||    17
       Petrified         |       |     7 |    70 ||    77
       Petrifying        |       |       |     7 ||     7
  Eat: Chunk             |     2 |     8 |    16 ||    26
       Fruit             |       |       |     1 ||     1
       Bread ration      |       |       |     1 ||     1
       Beef jerky        |       |       |     1 ||     1
       Pizza             |       |       |     1 ||     1
Armor: Robe              |     5 |    18 |    38 ||    61
Dodge: Dodged            |    38 |    97 |   216 ||   351
